woodfighter, neutral female gnomish Archeologist ----- |... D -------- --@.--------- -.......-- --@..|....@..| -.........---..A.|....@..| ..........A+..AA.-A..@...| -.........---.%A@|...@...| -...)...-- --...|.......| ----|---- --@.--------- -------...| |.@D |.........| ----- -...------- -....| -...--- .... --- woodfighter the Curator Experience level: 30 Strength: 25 Dexterity: 18 Constitution: 18 Intelligence: 19 Wisdom: 18 Charisma: 18 Health: 196(196) Energy: 185(185) Def: 54 Gold: 0 Moves: 36132 Dungeon seed: q5gK7qCIKEihiBhu Game ID: woodfighter_1559041140 Your Inventory: Amulets G - a blessed rustproof amulet of flying (being worn) Weapons a - the blessed +7 Grayswandir (weapon in hand) Armor c - a blessed +6 elven mithril-coat (being worn) e - a blessed +4 Hawaiian shirt (being worn) p - a blessed fireproof +4 elven leather helm (being worn) z - a blessed greased fireproof +4 cloak of protection (being worn) H - a blessed rustproof +4 pair of gauntlets of power (being worn) K - a blessed greased fireproof +4 pair of speed boots (being worn) Y - a blessed +5 shield of reflection (being worn) Comestibles Z - a blessed lizard corpse Rings E - a blessed ring of regeneration (on left hand) S - a blessed ring of free action (on right hand) Wands d - a blessed wand of teleportation (0:8) f - a blessed wand of fire (0:6) g - a blessed wand of death (0:1) h - a blessed wand of digging (0:1) Tools b - a blessed stethoscope q - a blessed +0 unicorn horn s - a blessed bag of holding u - a blessed magic lamp (lit) y - a blessed skeleton key N - the blessed Orb of Detection (0:5) W - a blessed towel Gems r - a blessed luckstone Contents of the bag of holding: a blessed amulet of life saving a blessed amulet of life saving a blessed amulet of life saving a blessed amulet of life saving a blessed fireproof +7 crossbow 100 blessed rustproof +6 crossbow bolts 10 blessed K-rations 3 blessed cram rations 6 blessed eggs 6 blessed eucalyptus leaves a blessed food ration 4 blessed lembas wafers 5 blessed lizard corpses a blessed sprig of wolfsbane 13 blessed scrolls of blank paper a blessed scroll of charging 5 blessed scrolls of gold detection 9 blessed scrolls of remove curse a blessed potion of confusion 2 uncursed potions of confusion 21 blessed potions of full healing 5 potions of holy water a blessed ring of conflict a blessed wand of death (0:6) a blessed wand of death (0:5) a blessed wand of death (0:5) a blessed wand of digging (0:8) a blessed wand of digging (0:7) a blessed wand of digging (0:7) a blessed wand of digging (0:6) a blessed wand of digging (0:6) a blessed wand of digging (0:6) a blessed wand of fire (0:5) a blessed wand of teleportation (0:7) a blessed can of grease (0:17) a magic marker (0:60) a magic marker (0:56) a blessed +0 pick-axe a blessed +0 unicorn horn a blessed +0 unicorn horn Spells and supernatural/magical abilities: Name Level Category Fail Memory n - detect monsters 1 divination 100% 42% I - identify 3 divination 100% 42% W - pray for help -- divine ? -- Your skills at the end: Miscellaneous Skills shield [Basic] wands [Skilled] stealth [Expert] Weapon Skills pick-axe [Basic] saber [Expert] club [Basic] crossbow [Skilled] boomerang [Basic] whip [Basic] Spellcasting Skills Final Attributes: You were piously aligned. You were fire resistant. You were cold resistant. You were sleep resistant. You were disintegration-resistant. You were shock resistant. You were poison resistant. You were magic-protected. You resisted hallucinations. You saw invisible. You were telepathic. You had automatic searching. You had infravision. You were invisible to others. You were very stealthy. You could fly. You regenerated. You were protected. You were very fast. You had reflection. You had free action. You were extremely lucky. You had extra luck. Good luck did not time out for you. You survived. Vanquished creatures: Baalzebub Dispater Orcus Yeenoghu Juiblex The Wizard of Yendor (4 times) a high priest 3 ancient green dragons a mammoth Vlad the Impaler Medusa Croesus 21 krakens 2 master liches 2 gray dragons 2 silver dragons 6 red dragons 8 white dragons an orange dragon 6 black dragons 5 blue dragons 10 green dragons 5 storm giants 2 titans 7 deep ettins a glass golem 36 balrogs The Minion of Huhetotl 8 purple worms 18 minotaurs 2 jabberwocks 11 baluchitheria 2 Angels 3 young silver dragons 8 young red dragons 6 young white dragons 9 young black dragons 7 young blue dragons 57 young green dragons 3 young yellow dragons 4 stone golems 6 master mind flayers 14 Olog-hai 4 Nazgul 29 pit fiends 31 sandestins 5 hell hounds 6 titanotheres 4 trappers a baby white dragon a baby orange dragon a baby green dragon 3 gryphons a guardian naga 2 disenchanters 45 vampire lords 18 shades 17 skeletons 11 aligned priests 16 captains 3 liches 6 clay golems 11 nurses 72 ice devils 35 nalfeshnees 9 lurkers above 3 Aleaxes 2 frost giants 2 golden nagas 5 black puddings 31 vampires 25 ghosts 8 ettins 18 lieutenants 2 queen bees 5 winged gargoyles 8 mind flayers 11 giant mimics 2 fire giants 9 ogre kings 5 Elvenkings 16 rock trolls 10 umber hulks a flesh golem 5 doppelgangers 65 hezrous 30 bone devils 3 salamanders 5 large mimics 3 wumpuses 7 fire vortices a baby purple worm 11 long worms a couatl 15 stalkers 3 air elementals 6 fire elementals 3 earth elementals 3 water elementals 13 hill giants 7 giant mummies 2 black nagas 12 elf-lords 8 xorns 22 giant zombies 22 sergeants 5 barbed devils 23 vrocks 16 wargs 2 winter wolves 6 hell hound pups 15 quantum mechanics 22 small mimics an island nymph 4 glass piercers 4 warhorses 7 steam vortices 8 xans 8 ettin mummies 9 ogre lords 37 trolls a sasquatch 4 wood golems 10 mariliths a djinni 4 sharks 9 electric eels 4 pyrolisks 2 large dogs 3 freezing spheres 10 flaming spheres 7 shocking spheres 4 tigers 11 gargoyles a dwarf king 4 tengu 9 gelatinous cubes 13 ochre jellies 5 crocodiles 9 chameleons 9 leocrottas an energy vortex 3 mountain centaurs 9 giants 8 elf mummies 36 human mummies 4 red nagas 5 green slimes 13 Grey-elves 18 pit vipers 10 pythons 10 cobras 41 wraiths 13 ettin zombies 3 leather golems 117 soldiers a horned devil 14 succubi 41 incubi 6 giant beetles 20 cockatrices 10 wolves 5 winter wolf cubs 11 black lights a lynx 3 panthers 15 gremlins 72 leprechauns 4 quivering blobs 7 spotted jellies 9 lizards 4 mountain nymphs 7 orc-captains 10 mumakil 9 giant spiders 7 scorpions 5 iron piercers 2 horses 2 ice vortices 11 vampire bats 4 forest centaurs a gnome king 2 orc mummies 4 dwarf mummies 11 ogres 5 brown puddings 10 Green-elves 10 rust monsters 9 owlbears 8 yetis 4 gold golems 9 werewolves 10 piranhas 20 giant eels 3 students 9 chickatrices 2 dogs 2 dingos a housecat 4 jaguars 4 dwarf lords 3 blue jellies 4 water nymphs 3 white unicorns 2 black unicorns 2 dust vortices 37 ravens 8 plains centaurs 3 gnome mummies 10 Woodland-elves 43 snakes 4 apes 16 human zombies a rope golem 10 soldier ants 7 fire ants 15 yellow lights 15 bugbears 3 imps a baby crocodile 3 wood nymphs 40 Mordor orcs 5 Uruk-hai 20 orc shamans 4 rock moles 8 rock piercers 2 ponies 3 fog clouds 7 shriekers 7 violet fungi 2 gnome lords a gnomish wizard 3 kobold mummies 2 red naga hatchlings 2 black naga hatchlings a guardian naga hatchling 5 gray oozes 4 barrow wights 18 elf zombies 22 ghouls 2 straw golems a paper golem 8 jellyfish 35 giant ants 2 puppies 6 floating eyes 2 dwarves 5 homunculi 2 quasits 2 kobold lords 2 kobold shamans 11 iguanas 41 hill orcs 19 rothes 5 rabid rats 2 centipedes 12 jitterbugs 5 giant bats 8 monkeys 15 orc zombies 17 dwarf zombies 5 wererats 2 werejackals 54 killer bees 13 coyotes 4 gas spores 8 hobbits 3 acid blobs 4 large kobolds a gecko 34 hobgoblins 5 giant rats 7 cave spiders 5 brown molds 6 yellow molds 2 green molds 3 red molds 3 gnomes 75 garter snakes 25 manes 23 gnome zombies 12 jackals 4 foxes 6 kobolds 11 newts 15 goblins 10 sewer rats 9 grid bugs a bat 9 lichens 16 kobold zombies 2940 creatures vanquished. Genocided or extinct species: gremlins hobbits dwarves bugbears dwarf lords dwarf kings quantum mechanics mind flayers master mind flayers wood nymphs water nymphs mountain nymphs island nymphs liches demiliches master liches arch-liches disenchanters soldiers (extinct) jellyfish piranhas sharks giant eels electric eels krakens 24 species genocided. 1 species extinct. Voluntary challenges: You were not invisible. You were not displaced. You used a wielded weapon 5377 times, starting on turn 127. You did not use plumbed fixtures. You read items or engraved 82 times, starting on turn 1425. You genocided 24 types of monsters, starting on turn 18623. You never polymorphed an object. You never changed form. You completed Sokoban on turn 3415, according to the rules. You used 6 wishes, starting on turn 4851. You wished for your your first artifact on turn 4851. You never split a pudding. You never wrote Elbereth's name. You violated your moral code, losing 7 points of alignment, starting on turn 3997. Dungeon overview: The Dungeons of Doom: levels 1 to 28 Level 1 a fountain stairs to The Elemental Planes Level 2 Level 3 Level 4 a fountain stairs to The Gnomish Mines Level 5 (water) an altar to Camaxtli, a sink Level 6 many fountains Level 7 stairs to Sokoban Level 8 Level 9 Level 10 a sink Level 11 portal to Fort Ludios Level 12 (quest) a fountain portal to The Quest Level 13 (big room) Level 14 a fountain Level 15 (rogue) Level 16 a temple to Huhetotl, a fountain Level 17 a fountain Level 18 a fountain Level 19 Level 20 a fountain Level 21 Level 22 (medusa) a fountain, many trees Level 23 Level 24 Level 25 Level 26 Level 27 Level 28 a magic chest, some fountains, a throne, some trees Gehennom: levels 29 to 55 Level 29 a temple to Moloch, a magic chest stairs to The Dungeons of Doom Level 30 Level 31 (bell) an altar to Moloch, a magic chest, many fountains, many benchs, many trees Level 32 Level 33 Level 34 (baalzebub) a magic chest Level 35 a fountain Level 36 Level 37 stairs to Vlad's Tower Level 38 Level 39 (orcus) some shops, an altar to Moloch, a magic chest Level 40 (dispater) a magic chest Level 41 Level 42 Level 43 Level 44 (wizard) a magic chest Level 45 Level 46 portal to Gehennom Level 47 Level 48 Level 49 Level 50 Level 51 Level 52 Level 53 portal to Gehennom Level 54 Level 55 The Gnomish Mines: levels 5 to 13 Level 5 stairs to The Dungeons of Doom Level 6 Level 7 Level 8 many shops, a temple to Camaxtli, a magic chest, a fountain Level 9 Level 10 Level 11 Level 12 (grey unicorn) Level 13 many altars to Moloch, a magic chest, some fountains The Quest: levels 1 to 6 Level 1 a magic chest, a throne portal to The Dungeons of Doom Level 2 Level 3 some temples to Quetzalcoatl, Camaxtli, and Huhetotl Level 4 Level 5 Level 6 a temple to Huhetotl Sokoban: levels 3 to 6 Level 3 a magic chest Level 4 Level 5 Level 6 an altar to Camaxtli, a magic chest stairs to The Dungeons of Doom Fort Ludios: Level 1 a magic chest portal to The Dungeons of Doom Vlad's Tower: levels 34 to 36 Level 34 Level 35 an altar to Moloch Level 36 stairs to Gehennom The Elemental Planes: Astral Plane <- You were here a high altar Plane 4 portal to The Elemental Planes Plane 3 portal to The Elemental Planes Plane 2 portal to The Elemental Planes Plane 1 portal to The Elemental Planes History has recorded: On T:1 you entered the Dungeons of Doom to retrieve the Amulet of Yendor! On T:127 you reached level 2 of The Dungeons of Doom. On T:194 you reached level 3 of The Dungeons of Doom. On T:487 you reached level 4 of The Dungeons of Doom. On T:500 you advanced to experience level 2. On T:565 you reached level 5 of The Dungeons of Doom. On T:673 you advanced to experience level 3. On T:705 you reached level 1 of The Gnomish Mines. On T:799 you reached level 6 of The Dungeons of Doom. On T:809 you advanced to experience level 4. On T:1079 you reached level 7 of The Dungeons of Doom. On T:1285 you advanced to experience level 5. On T:1294 you reached level 8 of The Dungeons of Doom. On T:1335 you reached level 4 of Sokoban. On T:1423 you opened a magic chest. On T:1658 you reached level 3 of Sokoban. On T:1825 you advanced to experience level 6. On T:2137 you reached level 2 of Sokoban. On T:2575 you reached level 1 of Sokoban. On T:3415 you advanced to experience level 7. On T:3415 you entered the Sokoban zoo. On T:3811 you reached level 2 of The Gnomish Mines. On T:3935 you reached level 3 of The Gnomish Mines. On T:4432 you prayed to Camaxtli. On T:4436 you advanced to experience level 8. On T:4472 you reached level 4 of The Gnomish Mines. On T:4715 you reached level 5 of The Gnomish Mines. On T:4777 you prayed to Camaxtli. On T:4816 you entered the Minetown temple On T:4851 you wished for "+3 blessed fixed grayswandir". On T:5577 you reached level 6 of The Gnomish Mines. On T:5663 you reached level 7 of The Gnomish Mines. On T:5676 you advanced to experience level 9. On T:6065 you reached level 8 of The Gnomish Mines. On T:6456 you prayed to Camaxtli. On T:6535 you reached level 9 of The Gnomish Mines. On T:6535 you reached the bottom of the Mines. On T:6653 you prayed to Camaxtli. On T:7535 you advanced to experience level 10. On T:8369 you reached level 9 of The Dungeons of Doom. On T:8675 you reached level 10 of The Dungeons of Doom. On T:8797 you reached level 11 of The Dungeons of Doom. On T:8816 you prayed to Camaxtli. On T:9082 you reached Fort Ludios. On T:9126 you reached level 12 of The Dungeons of Doom. On T:9688 you reached level 13 of The Dungeons of Doom. On T:10764 you prayed to Camaxtli. On T:10964 you advanced to experience level 11. On T:11119 you reached level 14 of The Dungeons of Doom. On T:11430 you reached level 15 of The Dungeons of Doom. On T:11430 you entered the Rogue tribute level. On T:11890 you reached level 16 of The Dungeons of Doom. On T:12017 you reached level 17 of The Dungeons of Doom. On T:12134 you advanced to experience level 12. On T:12222 you reached level 18 of The Dungeons of Doom. On T:12544 you reached level 19 of The Dungeons of Doom. On T:12899 you reached level 20 of The Dungeons of Doom. On T:12952 you reached level 21 of The Dungeons of Doom. On T:14068 you reached level 22 of The Dungeons of Doom. On T:14894 you advanced to experience level 13. On T:15435 you killed Croesus in Fort Ludios. On T:16243 you advanced to experience level 14. On T:16406 you reached level 1 of The Quest. On T:16641 you embarked upon an epic quest. On T:16758 you reached level 2 of The Quest. On T:16862 you reached level 3 of The Quest. On T:17437 you reached level 4 of The Quest. On T:17559 you reached level 5 of The Quest. On T:17758 you reached level 6 of The Quest. On T:18214 you killed Minion of Huhetotl on level 6 of The Quest. On T:19343 you reached level 23 of The Dungeons of Doom. On T:19344 you killed Medusa on level 23 of The Dungeons of Doom. On T:19357 you reached level 24 of The Dungeons of Doom. On T:20969 you reached level 25 of The Dungeons of Doom. On T:21608 you reached level 26 of The Dungeons of Doom. On T:22117 you reached level 27 of The Dungeons of Doom. On T:22709 you reached The Castle. On T:23622 you reached The Valley of the Dead. On T:23682 you advanced to experience level 15. On T:23914 you advanced to experience level 16. On T:23990 you advanced to experience level 17. On T:24230 you reached level 2 of Gehennom. On T:24448 you wished for "+3 blessed fixed greased cloak of protection". On T:24610 you reached level 3 of Gehennom. On T:24815 you advanced to experience level 18. On T:25124 you reached level 4 of Gehennom. On T:25312 you reached level 5 of Gehennom. On T:25478 you reached level 6 of Gehennom. On T:26097 you advanced to experience level 19. On T:26283 you killed Baalzebub on level 4 of Gehennom. On T:26462 you reached level 7 of Gehennom. On T:26703 you killed Juiblex on level 7 of Gehennom. On T:26710 you reached level 8 of Gehennom. On T:26823 you reached level 9 of Gehennom. On T:27157 you reached level 3 of Vlad's Tower. On T:27257 you reached level 2 of Vlad's Tower. On T:27335 you reached level 1 of Vlad's Tower. On T:27408 you killed Vlad the Impaler on level 1 of Vlad's Tower. On T:27546 you wished for "blessed fixed amulet of flying". On T:27626 you reached level 10 of Gehennom. On T:27761 you reached level 11 of Gehennom. On T:28368 you reached level 12 of Gehennom. On T:28438 you killed Orcus on level 11 of Gehennom. On T:28510 you wished for "". On T:28832 you advanced to experience level 20. On T:28864 you killed Dispater on level 10 of Gehennom. On T:29200 you reached level 13 of Gehennom. On T:29293 you reached level 14 of Gehennom. On T:29684 you reached level 15 of Gehennom. On T:29950 you reached level 16 of Gehennom. On T:30001 you reached level 17 of Gehennom. On T:30339 you reached level 18 of Gehennom. On T:30756 you reached level 19 of Gehennom. On T:30862 you reached level 20 of Gehennom. On T:30904 you reached level 21 of Gehennom. On T:31143 you reached level 22 of Gehennom. On T:32095 you killed Yeenoghu on level 22 of Gehennom. On T:32375 you reached level 23 of Gehennom. On T:32748 you reached level 24 of Gehennom. On T:32842 you advanced to experience level 21. On T:32908 you reached level 25 of Gehennom. On T:33881 you reached level 26 of Gehennom. On T:34583 you wished for "+3 blessed fixed gauntlets of power". On T:34590 you wished for "+3 blessed fixed greased speed boots". On T:34704 you advanced to experience level 22. On T:34705 you advanced to experience level 23. On T:34706 you advanced to experience level 24. On T:34706 you advanced to experience level 25. On T:34707 you advanced to experience level 26. On T:34708 you advanced to experience level 27. On T:34708 you advanced to experience level 28. On T:34709 you advanced to experience level 29. On T:34709 you advanced to experience level 30. On T:34777 you killed Wizard of Yendor on level 16 of Gehennom. On T:34907 you performed the invocation. On T:34988 you killed high priestess of Moloch on level 27 of Gehennom. On T:34989 you gained the Amulet of Yendor! On T:35422 you killed Wizard of Yendor on level 6 of Gehennom. On T:35856 you killed Wizard of Yendor on level 13 of The Dungeons of Doom. On T:35982 you reached the Plane of Earth. On T:35983 you killed Wizard of Yendor on the Plane of Earth. On T:36033 you reached the Plane of Air. On T:36067 you reached the Plane of Fire. On T:36078 you reached the Plane of Water. On T:36108 you reached the Astral Plane. On T:36132 you lost the Amulet of Yendor. On T:36132 you offered the Amulet of Yendor to Camaxtli and ascended to the status of Demigoddess! Score breakdown: Gold: 0 ( 0 points) Experience: 30 levels ( 2000 points) Exploration: 55 levels ( 2000 points) Discoveries: 160 items ( 2000 points) Variety of kills: 291 monsters ( 2000 points) Major goal: ascended ( 5000 points) Ascension bonuses Valuables value: 750 ( 75 points) Artifacts: 2 ( 2000 points) Speed bonus: 36132 turns ( 3193 points) Conduct bonus: 5 conducts ( 8400 points) Survival: ascended (score multiplied by 10) Total score: 266680 Latest messages: The Angel of Quetzalcoatl misses. The Angel of Quetzalcoatl casts a spell at you! A shower of missiles bounces off the archeologist! The renegade priestess of Camaxtli bumps right into you! The door opens. The high priest intones: "Pilgrim, you enter a sacred place!" The invisible guardian Angel of Camaxtli casts a spell at the priest of Moloch! The priest of Moloch is hit by a shower of missiles! Olaf the Chieftain turns to flee! Olaf the Chieftain drinks a potion of invisibility! Olaf the Chieftain's body takes on a strange transparency. For some reason, Olaf the invisible Chieftain's presence is known to you. You feel aggravated at Olaf the invisible Chieftain. Something is hit by a shower of missiles! Olaf the invisible Chieftain drinks a potion of speed! Olaf the invisible Chieftain is suddenly moving faster. Mike the Cave Elder turns to flee! Mike the Cave Elder drinks a potion of gain level! Mike the Cave Elder seems more experienced. You offer the Amulet of Yendor to Camaxtli... An invisible choir sings, and you are bathed in radiance... The voice of Camaxtli booms out: "Congratulations, mortal!" "In return for thy service, I grant thee the gift of Immortality!" You ascend to the status of Demigoddess... Final status: Goodbye woodfighter the Demigoddess, ascended... You went to your reward with 266680 points, Grayswandir (worth 8000 zorkmids) The Orb of Detection (worth 2500 zorkmids) 4 amulets of life saving (worth 600 zorkmids), 1 amulet of flying (worth 150 zorkmids), and 0 pieces of gold, after 36132 moves. You were level 30 with a maximum of 196 hit points when you ascended.